 Dungeon Crawl Stone Soup version 0.22.0-18-ge075c0d (webtiles) character file.

483 Gorice the Chopper (level 7, -6/48 HPs)
             Began as a Human Wanderer on Aug 18, 2018.
             Mangled by an orc priest
             ... wielding a +0 flail
              (8 damage)
             ... on level 4 of the Dungeon.
             The game lasted 00:14:49 (4240 turns).

Gorice the Chopper (Human Wanderer)                 Turns: 4240, Time: 00:14:50

Health: -6/48      AC:  9    Str: 20    XL:     7   Next: 34%
Magic:  8/8        EV:  9    Int: 12    God:
Gold:   167        SH:  0    Dex: 13    Spells: 8/8 levels left

rFire    . . .     SeeInvis .   a - +0 hand axe
rCold    . . .     Gourm    .   (no shield)
rNeg     . . .     Faith    .   b - +3 scale mail
rPois    .         Spirit   .   (no helmet)
rElec    .         Reflect  .   (no cloak)
rCorr    .         Harm     .   (no gloves)
MR       .....                  (no boots)
Stlth    ..........             (no amulet)
HPRegen  0.16/turn              o - +6 ring of strength
MPRegen  0.11/turn              (no ring)

@: no status effects
A: no striking features
a: no special abilities


You were on level 4 of the Dungeon.
You were not hungry.

You visited 1 branch of the dungeon, and saw 4 of its levels.

You collected 167 gold pieces.

Inventory:

Hand Weapons
 a - a +0 hand axe (weapon)
 m - a +1 dagger of holy wrath
   (You took it off a goblin on level 2 of the Dungeon)
Missiles
 g - 75 sling bullets
 n - 9 tomahawks (quivered)
 Y - 173 stones
Armour
 b - a +3 scale mail (worn)
Jewellery
 o - a +6 ring of strength (left hand)
Scrolls
 c - a scroll of magic mapping {!r}
 e - 2 scrolls of teleportation {!r}
 f - a scroll of remove curse
 q - 2 scrolls of fog
 s - a scroll of enchant armour
Potions
 h - 2 potions of brilliance {!q}
 i - a potion of heal wounds {!q}
 j - a potion of flight
 p - 2 potions of curing
 r - a potion of agility {!q}
 t - a potion of cancellation {!q}
Comestibles
 d - 6 rations
 k - 6 chunks of flesh


   Skills:
 - Level 1.0 Fighting
 * Level 7.3 Axes
 - Level 1.0 Throwing
 - Level 3.0 Armour
 - Level 1.0 Stealth
 - Level 1.0 Spellcasting
   Level 1.0 Necromancy
   Level 1.0 Earth Magic


You had 8 spell levels left.
You didn't know any spells.
Your spell library was empty.

Dungeon Overview and Level Annotations

Branches:
Dungeon (4/15)
 Temple: D:4-7

Altars:
Makhleb
Qazlal

Annotations:
D:2 Sigmund


Message History

Ijyb is heavily wounded.
Ijyb hits you but does no damage.
You closely miss Ijyb.
Ijyb is heavily wounded.
Ijyb zaps a wand.
The puff of flame hits you!
Damage: 1 (max 6)
You closely miss Ijyb.
Ijyb is heavily wounded.
Ijyb hits you but does no damage.
You slash Ijyb!
Ijyb is almost dead.
Ijyb hits you but does no damage.
You hit Ijyb but do no damage.
Ijyb is almost dead.
The orc priest calls down the wrath of Beogh upon you.
Beogh smites you!
* * * LOW HITPOINT WARNING * * *
Ijyb hits you but does no damage.
Damage: 14 (max 14)
You hit Ijyb.
Ijyb is almost dead.
Ijyb zaps a wand.
The puff of flame hits you!
* * * LOW HITPOINT WARNING * * *
Damage: 3 (max 14) Unknown command.
You hit Ijyb but do no damage.
Ijyb is almost dead.
Ijyb zaps a wand.
The puff of flame hits you!
* * * LOW HITPOINT WARNING * * *
Damage: 7 (max 14)
You barely miss Ijyb.
Ijyb is almost dead.
Ijyb hits you but does no damage.
You barely miss Ijyb.
Ijyb is almost dead.
Ijyb hits you.
* * * LOW HITPOINT WARNING * * *
Damage: 1 (max 14)
You hit Ijyb.
You kill Ijyb!
You hit the orc priest.
The orc priest is lightly wounded.
The orc priest invokes the aid of Beogh against you.
Beogh smites you!
* * * LOW HITPOINT WARNING * * *
Damage: 10 (max 14)
You hit the orc priest but do no damage.
The orc priest is lightly wounded.
The orc priest hits you with a flail!
You die...

### ..# ###.#
...# # #..##
..###.###..$#
.......@o...#
......###!..#
##### #..## #
#..# .g. #..#
#...##..#
#.....#
#...###.# ###
#.#


You could see an orc priest.

Vanquished Creatures
  Grinder (D:3)
  An orc wizard (D:4)
  A worker ant (D:3)
  Ijyb (D:4)
  7 gnolls
  5 adders
  3 worms (D:2)
  3 dart slugs (D:1)
  A leopard gecko (D:2)
  2 orcs (D:4)
  2 giant cockroaches
  11 goblins
  5 hobgoblins
  2 jackals
  10 kobolds
  2 ball pythons
  8 bats
  8 frilled lizards
  A jackal skeleton (D:4)
  8 rats
82 creatures vanquished.

Vanquished Creatures (others)
  3 fungi (D:4)
3 creatures vanquished.

Grand Total: 85 creatures vanquished

Notes
Turn   | Place    | Note
-------+----------+-------------------------------------------
     0 | D:1      | Gorice the Human Wanderer began the quest for the Orb.
     0 | D:1      | Gorice set off with: a +2 scale mail, a +0 hand axe, a potion of curing, a ration
     0 | D:1      | Reached XP level 1. HP: 15/15 MP: 2/2
   171 | D:1      | Reached skill level 2 in Axes
   171 | D:1      | Reached XP level 2. HP: 15/21 MP: 3/3
   354 | D:1      | Reached XP level 3. HP: 26/26 MP: 4/4
   506 | D:1      | Reached skill level 3 in Axes
  1048 | D:2      | Reached XP level 4. HP: 29/32 MP: 5/5
  1072 | D:2      | Found a burning altar of Makhleb.
  1430 | D:2      | Reached skill level 4 in Axes
  1577 | D:2      | Found a stormy altar of Qazlal.
  1914 | D:2      | Noticed Sigmund
  2237 | D:2      | Reached XP level 5. HP: 25/37 MP: 6/6
  2822 | D:3      | Reached skill level 5 in Axes
  3132 | D:3      | HP: 11/37 [poisoned by an adder]
  3138 | D:3      | HP: 7/37 [poisoned by an adder]
  3143 | D:3      | HP: 4/37 [poisoned by an adder]
  3148 | D:3      | HP: 3/37 [poisoned by an adder]
  3497 | D:3      | Noticed Grinder
  3512 | D:3      | Paralysed by Grinder for 2 turns
  3536 | D:3      | HP: 8/37 [Grinder (7)]
  3539 | D:3      | Paralysed by Grinder for 7 turns
  3571 | D:3      | Paralysed by Grinder for 4 turns
  3580 | D:3      | HP: 10/37 [Grinder/nerve-wracking pain (5)]
  3587 | D:3      | Paralysed by Grinder for 2 turns
  3590 | D:3      | Killed Grinder
  3590 | D:3      | Reached skill level 6 in Axes
  3590 | D:3      | Reached XP level 6. HP: 13/43 MP: 7/7
  3590 | D:3      | Reached XP level 7. HP: 14/48 MP: 8/8
  3930 | D:3      | Reached skill level 7 in Axes
  4210 | D:4      | Noticed Ijyb
  4235 | D:4      | HP: 12/48 [Ijyb/wand of flame (24) (7)]
  4238 | D:4      | Killed Ijyb
  4239 | D:4      | HP: 2/48 [orc priest/divine providence (10)]
  4240 | D:4      | Mangled by an orc priest

Skill      XL: |  1  2  3  4  5  6  7 |
---------------+----------------------+-----
Axes           | 2 3 4 6 7 |  7.3
Fighting       | |  1.0
Throwing       | |  1.0
Armour         | |  3.0
Stealth        | |  1.0
Spellcasting   | |  1.0
Necromancy     | |  1.0
Earth Magic    | |  1.0

Action                   |  1- 3 |  4- 6 |  7- 9 || total
-------------------------+-------+-------+-------++-------
Melee: Hand axe          |   141 |   219 |    64 ||   424
       Dagger            |       |     3 |       ||     3
       Unarmed           |       |     1 |       ||     1
Throw: Stone             |     1 |    20 |       ||    21
       Tomahawk          |       |    20 |    12 ||    32
  Use: Scroll            |     3 |     5 |     3 ||    11
       Potion            |       |     2 |       ||     2
  Eat: Chunk             |     1 |     8 |     2 ||    11
Armor: Scale mail        |    62 |   129 |    22 ||   213
       Skin              |       |     1 |       ||     1
Dodge: Dodged            |    61 |   122 |    24 ||   207

Table legend:
 A = Turns spent in this place as a percentage of turns spent in the entire game.
 B = Non-inter-level travel turns spent in this place as a percentage of non-inter-level travel turns spent in the entire game.
 C = Inter-level travel turns spent in this place as a percentage of turns spent in this place.
 D = Turns resting spent in this place as a percentage of non-inter-level travel turns spent in this place.
 E = Turns spent auto-exploring this place as a percentage of non-inter-level travel turns spent in this place.
 F = Non-inter-level travel turns spent in this place divided by the number of levels of this place that you've seen.
                   A       B       C       D       E      F
               +-------+-------+-------+-------+-------+----------------------
         Total | 100.0 | 100.0 |   4.3 |  36.4 |  25.8 | 1014.0
       Dungeon | 100.0 | 100.0 |   4.3 |  36.4 |  25.8 | 1014.0
               +-------+-------+-------+-------+-------+----------------------

Vault maps used:
D:1:      onia_arrival_pyramid, hangedman_decor_lopped
D:2:      old_standard_altar, nicolae_overflow_hidden_temple, uniq_sigmund
D:3:      first_ration, uniq_grinder
D:4:      serial_aquarium, aquarium_bridge_square, aquarium_bridge_long_joined,
          aquarium_window_fake, aquarium_window_2, aquarium_window_fake,
          aquarium_view_2a, aquarium_view_2d, aquarium_pool_split,
          nicolae_tso_besieged_by_evil, uniq_edmund, uniq_ijyb
